 Dungeon Crawl Stone Soup version 0.31-a0-188-g5e087ee2ca (webtiles) character file.

Game seed: 14650224928940470306

95 lunkers the Cutter (level 5, 0/38 HPs)
             Began as a Meteoran Wanderer on June 23, 2023.
             Slain by an orc
             ... wielding a +0 short sword
              (1 damage)
             ... on level 3 of the Dungeon.
             The game lasted 00:03:56 (971 turns).

lunkers the Cutter (Meteoran Wanderer)               Turns: 971, Time: 00:03:57

Health: 0/38       AC:  3    Str: 13    XL:     5   Next: 18%
Magic:  6/8        EV: 10    Int: 15    God:
Gold:   106        SH:  0    Dex: 14    Spells: 6/7 levels left

rFire   . . .        a - +0 dagger
rCold   . . .        (no shield)
rNeg    . . .        g - +0 leather armour
rPois   .            (no helmet)
rElec   .            (no cloak)
rCorr   .            (no gloves)
SInv    .            (no boots)
Will    .....        p - amulet of magic regeneration
Stlth   +            (no ring)
HPRegen 0.26/turn    (no ring)
MPRegen 0.51/turn

%: no passive effects
@: very slightly contaminated, glowing
A: sense surroundings 1, otherworldly, glowing, explore regen
a: no special abilities


You were on level 3 of the Dungeon.
You visited 1 branch of the dungeon, and saw 3 of its levels.

You collected 106 gold pieces.

Inventory:

Hand Weapons
 a - a +0 dagger (weapon)
 e - a +0 dagger
Missiles
 b - 2 atropa-tipped darts
 c - a datura-tipped dart
 d - 7 poisoned darts
Armour
 g - a +0 leather armour (worn)
 r - an orb of guile
Jewellery
 p - an amulet of magic regeneration (around neck)
Wands
 x - a wand of iceblast (7)
Scrolls
 h - a scroll of vulnerability {unknown}
 i - a scroll of brand weapon {unknown}
 j - 3 scrolls of identify {unknown}
 l - a scroll of enchant armour {unknown}
 n - a scroll of amnesia {unknown}
 q - a scroll of blinking {unknown}
 t - 2 scrolls of fog {unknown}
 u - a scroll of poison {unknown}
 w - a scroll of silence {unknown}
Potions
 f - a potion of attraction
 k - a potion of curing {unknown}
 m - a potion of cancellation {unknown}
 o - a potion of might {unknown}
 s - a potion of haste {unknown}
 v - a potion of resistance {unknown}
 z - a potion of brilliance {unknown}


   Skills:
 - Level 4.0 Short Blades
 - Level 3.6 Throwing
 - Level 2.9 Stealth
 + Level 1.8 Spellcasting
 + Level 1.0 Transmutations
 + Level 2.8 Poison Magic


You had 6 spell levels left.
You knew the following spells:

 Your Spells              Type           Power      Damage    Failure   Level
p - Sting                 Tmut/Pois      28%        1d4       13%         1

Your spell library contained the following spells:

 Spells                   Type           Power      Damage    Failure   Level
 Sandblast                Erth           2%         2d4       28%         1
 Cigotuvi's Dreadful Rot  Necr/Pois/Air  8%         N/A       30%         2
 Passwall                 Tmut/Erth      1%         N/A       34%         2
 Ignite Poison            Fire/Tmut/Pois 5%         N/A       45%         3
 Stone Arrow              Conj/Erth      2%         3d7       65%         3
 Dispel Undead            Necr           1%         3d6       96%         4
 Manifold Assault         Tloc           1%         N/A       96%         4
 Death Channel            Necr           0%         N/A       100%        6
 Dispersal                Tloc           0%         N/A       100%        6
 Disjunction              Tloc           0%         N/A       100%        8


Dungeon Overview and Level Annotations

Branches:
Dungeon (3/15) Zot: 838

Altars:


Innate Abilities, Weirdness & Mutations

You passively map a small area around you.
You are easily found by Zot.
You glow in the dark.
You regain HP and MP as you explore.


Message History

The orc hits you from afar with a +0 trident.
* * * LOW HITPOINT WARNING * * *
Aiming: Sting (safe; 13% risk of failure)
Press: ? - help, Q - select action, (/) - cycle Shift-Dir - straight line, f - orc
Aim: an orc, wielding a +0 trident (68% to hit)
The sting hits the orc.
The orc is poisoned.
The orc is heavily wounded.
The orc hits you from afar with a +0 trident.
* * * LOW HITPOINT WARNING * * *
Aiming: Sting (safe; 13% risk of failure)
Press: ? - help, Q - select action, (/) - cycle Shift-Dir - straight line, f/p - orc
Aim: an orc, wielding a +0 trident (severely wounded, poisoned, 68% to hit)
The sting hits the orc.
The orc is poisoned.
The orc is heavily wounded.
The orc hits you from afar with a +0 trident.
* * * LOW HITPOINT WARNING * * *
The orc hits you with a +0 short sword.
* * * LOW HITPOINT WARNING * * *
You barely miss the orc.
The orc is heavily wounded.
The orc hits you but does no damage. The orc hits you with a +0 short sword.
* * * LOW HITPOINT WARNING * * *
Aiming: Sting (safe; 13% risk of failure)
Press: ? - help, Q - select action, (/) - cycle Shift-Dir - straight line, f/p - orc
Aim: an orc, wielding a +0 trident (severely wounded, poisoned, 68% to hit)
You miscast Sting.
You are very lightly contaminated with residual magic.
Nothing appears to happen.
The orc hits you from afar with a +0 trident!
* * * LOW HITPOINT WARNING * * *
The orc barely misses you.
Aiming: Sting (safe; 13% risk of failure)
Press: ? - help, Q - select action, (/) - cycle Shift-Dir - straight line, f - orc priest, p - orc
Aim: an orc priest, wielding a +0 club (68% to hit)
The sting misses the orc.
The sting hits the orc priest.
The orc priest is poisoned.
The orc priest is lightly wounded.
You kill the orc!
The orc hits you with a +0 short sword.
You die...

......# ###...#
#...# #########
###...# #.......#
.....####.......#
.....'.)........#
.....###........#
.....#
##.....oo###### *
.....#
##)#####@..$.#
.....#
#.....#.....# *
######
##o.o..#.....#
#....o.##....#
#......##....# *
#....#.o.?...#
#....###.....# ,
###### .....#
....... ,


You could see an orc priest (poisoned) and an orc (poisoned).

Vanquished Creatures
  Ijyb (D:3)
  An orc wizard (D:3)
  An adder (D:3)
  A worm (D:2)
  A dart slug (D:1)
  An orc (D:3)
  2 endoplasms (D:1)
  4 giant cockroaches
  3 hobgoblins
  4 kobolds
  A quokka (D:2)
  5 ball pythons
  4 bats
  A frilled lizard (D:1)
  A goblin (D:1)
  A rat (D:1)
32 creatures vanquished.

Notes
Turn   | Place    | Note
-------+----------+-------------------------------------------
     0 | D:1      | lunkers the Meteoran Wanderer began the quest for the Orb.
     0 | D:1      | lunkers set off with the following items: a +0 dagger, 2
                  | atropa-tipped darts, a datura-tipped dart, 7 poisoned
                  | darts, a +0 dagger, a potion of attraction, a +0 leather
                  | armour; and the following spell memorised: Sting; and the
                  | following spells available to memorise: Ignite Poison.
     0 | D:1      | Reached XP level 1. HP: 14/14 MP: 3/3
    51 | D:1      | Reached skill level 1 in Short Blades
    68 | D:1      | Reached XP level 2. HP: 11/20 MP: 3/5
   181 | D:1      | Reached skill level 2 in Short Blades
   428 | D:1      | Reached XP level 3. HP: 17/26 MP: 2/6
   706 | D:2      | Reached skill level 3 in Short Blades
   914 | D:3      | Noticed Ijyb
   920 | D:3      | Reached XP level 4. HP: 30/33 MP: 7/7
   929 | D:3      | Killed Ijyb
   930 | D:3      | Reached skill level 4 in Short Blades
   961 | D:3      | Reached skill level 1 in Transmutations
   961 | D:3      | Reached XP level 5. HP: 36/38 MP: 8/8
   970 | D:3      | HP: 1/38 [orc/+0 trident (8)]
   971 | D:3      | Slain by an orc

Illustrated notes

Levels and vault maps discovered:
D:1:      saegor_arrival_simple_d, layout_basic
D:2:      layout_basic
D:3:      layout_basic, uniq_ijyb

Skill      XL: |  1  2  3  4 |
---------------+-------------+-----
Short Blades   | 1 2 3 4 |  4.0
Transmutations | 1 |  1.0
Throwing       | |  3.6
Stealth        | |  2.9
Spellcasting   | |  1.8
Poison Magic   | |  2.8

Action                     |  1- 3 |  4- 6 || total
---------------------------+-------+-------++-------
  Melee: Dagger            |   100 |     1 ||   101
         Punch             |     3 |       ||     3
   Cast: Sting             |    29 |    16 ||    45
 Armour: Leather armour    |    27 |     1 ||    28
  Dodge: Dodged            |    47 |     6 ||    53

Table legend: (Time is in decaauts)
 A = Elapsed time spent in this place.
 B = Non-inter-level travel time spent in this place.
 C = Inter-level travel time spent in this place.
 D = Time resting spent in this place.
 E = Time spent auto-exploring this place.
 F = Levels seen in this place.
 G = Mean time per level.
                   A        B        C        D        E       F      G
               +--------+--------+--------+--------+--------+-----+--------+
         Total |    960 |    953 |      7 |      0 |    636 |   3 |  320.0 |
       Dungeon |    960 |    953 |      7 |      0 |    636 |   3 |  320.0 |
               +--------+--------+--------+--------+--------+-----+--------+

Top non-repeatable levels by time:
     D:1: 440 daAuts
     D:2: 364 daAuts
     D:3: 156 daAuts
